Map: Year Zero LE

Players

TiPtOP - Winner!

  • Race: Zerg Zerg
  • League: Silver
  • Spawn Location: 1:00

VOD

Have the link to the VOD?

Description

Time

  • Played on: May 14, 2019, 8:13 p.m.
  • Length: 31:23
Show
View Real Time Build Order
Export as new Build Order

TiPtOP Zerg - Winner!

Build Orders:  

Get SALT Encoding   

  12  0:03  Drone  
  13  0:35  Overlord  
  13  0:46  Drone  
  14  1:09  Drone  
  15  1:11  Drone  
  16  1:24  Drone  
  17  1:48  Drone, Spawning Pool  
  17  1:50  Drone  
  18  2:09  Hatchery  
  17  2:12  Extractor  
  17  2:13  Drone  
  17  2:14  Drone  
  18  2:44  Drone  
  18  2:45  Drone  
  20  3:03  Drone  
  21  3:28  Drone  
  22  3:33  Overlord  
  22  3:49  Queen  
  24  4:22  Overlord  
  24  4:31  Drone  
  24  4:34  Drone  
  24  4:38  Drone x2  
  28  4:56  Drone x2  
  30  5:14  Drone x2  
  32  5:21  Zergling x2  
  34  5:39  Zergling x2  
  34  5:56  Queen  
  36  6:03  Overlord x2  
  36  6:26  Overlord  
  35  7:10  Extractor  
  35  7:17  Drone x2, Roach Warren  
  35  7:23  Drone x2  
  35  7:24  Drone x2  
  39  7:57  Zergling x6  
  42  8:10  Spine Crawler  
  42  8:14  Spine Crawler  
  42  8:17  Roach  
  42  8:18  Roach x2  
  42  8:19  Roach x2  
  50  8:27  Overlord x2  
  35  9:05  Roach x2  
  35  9:06  Roach x5  
  35  9:07  Roach  
  49  9:24  Spine Crawler  
  48  9:48  Drone  
  48  9:49  Drone x2  
  51  9:51  Drone x2  
  51  9:56  Lair  
  51  9:58  Extractor  
  52  10:08  Roach x2  
  56  10:10  Roach x2  
  60  10:59  Glial Reconstitution  
  60  11:11  Evolution Chamber  
  59  11:35  Drone x2  
  59  11:36  Drone  
  62  11:51  Zerg Missile Weapons Level 1  
  62  11:58  Overlord  
  62  12:27  Roach x4  
  62  12:28  Roach x3  
  76  12:31  Overlord x2  
  76  12:32  Overlord x2  
  76  13:22  Extractor  
  75  13:37  Hatchery  
  72  14:18  Roach x3  
  72  14:19  Roach x2  
  82  14:31  Zerg Ground Armor Level 1  
  82  14:45  Infestation Pit  
  82  14:49  Drone  
  82  14:59  Roach x2  
  86  15:00  Roach x2  
  90  15:46  Roach x4  
  90  15:47  Roach  
  100  15:54  Overlord x3  
  100  16:09  Roach x2  
  104  16:34  Swarm Host x2  
  104  16:38  Swarm Host x2  
  116  16:41  Roach x4  
  124  17:00  Swarm Host x2  
  124  17:04  Roach  
  124  17:08  Roach x2  
  136  17:12  Zerg Missile Weapons Level 2  
  136  17:28  Overlord  
  136  17:29  Overlord  
  136  18:07  Roach  
  136  18:08  Roach x3  
  144  18:22  Hydralisk Den  
  115  20:30  Hydralisk x3  
  115  20:31  Hydralisk x5  
  115  20:32  Hydralisk  
  134  21:49  Swarm Host  
  134  21:51  Hydralisk x3  
  134  21:52  Hydralisk x2  
  144  23:49  Zerg Ground Armor Level 2  
  144  24:03  Hydralisk Den  
  143  24:29  Lurker Den  
  142  25:08  Hive  
  142  25:19  Hydralisk x3  
  148  25:20  Hydralisk x3  
  154  25:34  Unknown  
  154  26:59  Zerg Missile Weapons Level 3  
  154  27:37  Overlord  
  154  27:38  Overlord x2  
  154  27:42  Unknown  
  154  27:52  Unknown  
  154  28:28  Lurker x3  
  157  28:39  Burrow  
  157  28:56  Pneumatized Carapace  
  157  29:02  Overlord x3  
  157  29:17  Lurker  
Tags
 
Add a new tag
Caveats
  • Supply blocks, unpowered buildings, or Contaminate may cause inaccurate times.
  • Supply counts are checked every 10 seconds.